 Dungeon Crawl Stone Soup version 0.23-a0-586-gacb4b3f4ce (webtiles) character file.

6457 Maize the Cleaver (level 10, -49/103 HPs)
             Began as a Minotaur Fighter on Dec 19, 2018.
             Was an Elder of Okawaru.
             Annihilated by an enormous slime creature (52 damage)
             ... on level 9 of the Dungeon.
             The game lasted 00:16:51 (9504 turns).

Maize the Cleaver (Minotaur Fighter)                Turns: 9504, Time: 00:16:55

Health: -49/103    AC: 14    Str: 30    XL:     10   Next: 67%
Magic:  0/9        EV: 12    Int:  5    God:    Okawaru [****..]
Gold:   564        SH:  4    Dex:  9    Spells: 9/9 levels left

rFire    . . .     SeeInvis +   a - +0 war axe
rCold    + . .     Gourm    .   (no shield)
rNeg     . . .     Faith    .   G - +3 scale mail {MR+}
rPois    .         Spirit   +   (helmet restricted)
rElec    .         Reflect  .   q - scarf {Spirit}
rCorr    .         Harm     .   (no gloves)
MR       +....                  u - +0 pair of boots
Stlth    +.........             (no amulet)
HPRegen  0.27/turn              p - ring of see invisible
MPRegen  0.11/turn              A - ring of protection from cold

@: mighty, heroism
A: retaliatory headbutt, horns 2, large bone plates 1, robust 1, screaming 1
a: Heroism, Renounce Religion


You were on level 9 of the Dungeon.
You worshipped Okawaru.
Okawaru was greatly pleased with you.
You were not hungry.

You visited 1 branch of the dungeon, and saw 9 of its levels.
You also visited: Sewer.

You collected 564 gold pieces.

Inventory:

Hand Weapons
 a - a +0 war axe (weapon)
Armour
 q - a scarf of spirit shield (worn)
 u - a +0 pair of boots (worn)
 E - a +0 plate armour
 G - a +3 scale mail of magic resistance (worn)
Jewellery
 p - a ring of see invisible (left hand)
 A - a ring of protection from cold (right hand)
Wands
 e - a wand of iceblast (5)
 k - a wand of digging (8)
 r - a wand of flame (18)
 v - a wand of paralysis (15)
 F - a wand of scattershot (6)
Scrolls
 b - a scroll of noise {unknown}
 i - 4 scrolls of enchant armour
 j - a scroll of fear
 l - 8 scrolls of remove curse
 n - 6 scrolls of teleportation
 x - 3 scrolls of magic mapping
 y - 2 scrolls of fog
 z - a scroll of blinking {unknown}
 H - 4 scrolls of enchant weapon
 I - a scroll of holy word {unknown}
Potions
 c - 2 potions of lignification
 d - 3 potions of might
 g - 2 potions of haste {unknown}
 h - 7 potions of heal wounds
 m - 3 potions of resistance {unknown}
 o - 3 potions of flight
 s - 2 potions of mutation
 t - 2 potions of berserk rage
 w - a potion of brilliance {unknown}
 B - 3 potions of curing
 C - 2 potions of agility {unknown}
 D - 2 potions of cancellation
 J - a potion of ambrosia {unknown}
Comestibles
 f - 20 rations
 K - a chunk of flesh


   Skills:
 + Level 10.3(15.3) Fighting
 * Level 13.4(18.4) Axes
 + Level 10.4(15.4) Armour
   Level 3.6(8.6) Shields


You had 9 spell levels left.
You didn't know any spells.
Your spell library contained the following spells:

 Spells                   Type           Power        Failure   Level  Hunger
 Animate Skeleton         Necr           N/A          65%         1    ##.....
 Shock                    Conj/Air       #...         65%         1    ##.....
 Swiftness                Chrm/Air       #.......     80%         2    ###....
 Static Discharge         Conj/Air       #.......     95%         3    ####...
 Airstrike                Air            #.........   100%        4    #####..
 Lightning Bolt           Conj/Air       #.........   100%        5    ######.


Dungeon Overview and Level Annotations

Branches:
Dungeon (9/15)             Temple (0/1) D:7
   Lair: D:8-11         Orc: D:9-12

Altars:
Elyvilon
Kikubaaqudgha
Okawaru
Ru
Sif Muna
Trog
Vehumet
Xom
The Shining One

Shops:
D:8 }(

Annotations:
D:9 1 transporter


Innate Abilities, Weirdness & Mutations

You reflexively headbutt those who attack you in melee.
You have a pair of horns on your head.
You are partially covered in large bone plates. (SH +4)
You are robust. (+10% HP)
You occasionally shout uncontrollably at your foes.


Message History

You slash the enormous slime creature!
The enormous slime creature is lightly wounded.
The enormous slime creature hits you!!!
* * * LOW HITPOINT WARNING * * *
You completely miss the enormous slime creature.
The enormous slime creature is lightly wounded.
You slash the slime creature!
The slime creature hits you but does no damage.
You slash the enormous slime creature!
The enormous slime creature is lightly wounded.
You hit the slime creature. The enormous slime creature hits you!!!
* * * LOW HITPOINT WARNING * * *
You slice the enormous slime creature!!
You headbutt the enormous slime creature!
The enormous slime creature is moderately wounded.
You barely miss the slime creature. The slime creature closely misses you.
You furiously retaliate!
You headbutt the slime creature! The enormous slime creature hits you!!!
Ouch! That really hurt!
You die...

### #.# ### ### #.#
##.###?## #.#
####..#.#..#### #.#
####.#.........#.###.####
%....###...(.###.........
#.# #.©##©J.....##©.#######
#.# #..###@J...###.## #.#
#..#?.......©#.# #.#
#..##..#.#!)##.# #.#
#...##.###.###.# #.#
#....###### #.#
#.####........#####.########
#....................(......
#.####.#########.########.##
#.# #.# #.# #.#


You could see an enormous slime creature and a slime creature.

Vanquished Creatures
  Harold (D:7)
  A two-headed ogre (D:8)
  Pikel (D:4)
  Grinder (D:4)
  A hippogriff (D:8)
  A slime creature (D:9)
  A basilisk (D:9)
  Menkaure (D:4)
  A sky beast (D:7)
  4 orc warriors
  2 slaves (D:4)
  3 ice beasts
  A hornet zombie (D:8)
  3 ogres
  2 phantoms
  3 centaurs
  A big kobold (D:8)
  4 bullfrogs
  A wyvern skeleton (D:7)
  6 killer bees (D:9)
  3 howler monkeys
  4 crimson imps
  4 quasits (D:6)
  3 hounds
  3 jellies (D:8)
  9 orc priests
  Crazy Yiuf (D:3)
  2 bullfrog skeletons
  A centaur skeleton (D:4)
  Jessica (D:3)
  An iguana (D:8)
  3 worker ants (D:6)
  11 orc wizards
  2 hound zombies
  Robin (D:3)
  12 adders
  3 river rats
  3 shadow imps
  12 oozes
  2 adder skeletons
  4 worms
  3 dart slugs
  8 leopard geckos
  35 orcs
  3 bats
  8 giant cockroaches
  11 goblins
  9 hobgoblins
  6 jackals
  3 quokkas
  14 ball pythons
  9 frilled lizards
  A jackal zombie (D:8)
  13 kobolds
  36 rats
283 creatures vanquished.

Notes
Turn   | Place    | Note
-------+----------+-------------------------------------------
     0 | D:1      | Maize the Minotaur Fighter began the quest for the Orb.
     0 | D:1      | Reached XP level 1. HP: 19/19 MP: 0/0
     8 | D:1      | Found a runed door.
    23 | D:1      | Reached skill level 3 in Axes
    23 | D:1      | Reached XP level 2. HP: 23/27 MP: 1/1
    35 | D:1      | Reached XP level 3. HP: 26/33 MP: 2/2
   930 | D:1      | Reached skill level 4 in Axes
  1278 | D:2      | Reached XP level 4. HP: 41/41 MP: 3/3
  1909 | D:3      | Noticed Jessica
  1914 | D:3      | Killed Jessica
  1914 | D:3      | Reached XP level 5. HP: 43/47 MP: 4/4
  2126 | D:3      | Reached skill level 5 in Axes
  2389 | D:3      | Reached skill level 5 in Fighting
  2389 | D:3      | Reached skill level 5 in Armour
  2440 | D:3      | Found a runed door.
  2689 | D:3      | Noticed Robin
  2780 | D:3      | Killed Robin
  2986 | D:3      | Reached XP level 6. HP: 52/56 MP: 5/5
  3156 | D:3      | Noticed Crazy Yiuf
  3162 | D:3      | Killed Crazy Yiuf
  3215 | D:4      | Noticed Grinder
  3224 | D:4      | Killed Grinder
  3224 | D:4      | Reached skill level 6 in Axes
  3224 | D:4      | Reached XP level 7. HP: 54/62 MP: 3/6
  3366 | D:4      | Noticed Menkaure
  3372 | D:4      | Killed Menkaure
  3372 | D:4      | Reached skill level 7 in Axes
  3731 | D:4      | Found a glowing drain.
  3738 | Sewer    | Entered a sewer
  4105 | Sewer    | Reached skill level 8 in Axes
  4109 | Sewer    | Reached XP level 8. HP: 46/71 MP: 3/7
  4438 | D:4      | Noticed Pikel
  4458 | D:4      | Killed Pikel
  4458 | D:4      | Reached skill level 9 in Axes
  4652 | D:4      | Found an iron altar of Okawaru.
  4652 | D:4      | Found a bloodstained altar of Trog.
  4662 | D:4      | Became a worshipper of Warmaster Okawaru
  4770 | D:5      | Entered Level 5 of the Dungeon
  4842 | D:5      | Found a sacrificial altar of Ru.
  5100 | D:5      | Reached * piety under Okawaru
  5100 | D:5      | Reached skill level 10 in Axes
  5103 | D:5      | HP: 3/74 [shadow imp (3)]
  5508 | D:5      | Found a shimmering altar of Xom.
  5555 | D:5      | Reached XP level 9. HP: 71/81 MP: 6/8
  6860 | D:7      | Noticed Harold
  6874 | D:7      | Killed Harold
  6874 | D:7      | Reached ** piety under Okawaru
  6874 | D:7      | Reached skill level 11 in Axes
  6968 | D:7      | Gained mutation: You occasionally shout uncontrollably at
                  | your foes. [potion of mutation]
  6968 | D:7      | Gained mutation: You are robust. (+10% HP) [potion of
                  | mutation]
  6968 | D:7      | Gained mutation: You are partially covered in large bone
                  | plates. (SH +4) [potion of mutation]
  7064 | D:7      | Found a staircase to the Ecumenical Temple.
  7221 | D:7      | Reached skill level 12 in Axes
  7314 | D:7      | Reached *** piety under Okawaru
  7444 | D:7      | Reached XP level 10. HP: 96/100 MP: 9/9
  7807 | D:8      | Noticed a two-headed ogre
  7819 | D:8      | Killed a two-headed ogre
  7819 | D:8      | Reached **** piety under Okawaru
  7912 | D:8      | Found a white marble altar of Elyvilon.
  7930 | D:8      | Reached skill level 10 in Armour
  8084 | D:8      | Reached skill level 10 in Fighting
  8170 | D:8      | Found Nuopne Joeda's Antique Weapon Emporium.
  8178 | D:8      | Reached skill level 13 in Axes
  8711 | D:8      | Found Mapseq's Gadget Shoppe.
  8848 | D:8      | Found a radiant altar of Vehumet.
  8848 | D:8      | Found an ancient bone altar of Kikubaaqudgha.
  8849 | D:8      | Found a deep blue altar of Sif Muna.
  8854 | D:8      | Identified Kikubaaqudgha's Volume of Dark Rituals
  9220 | D:9      | Found a transporter.
  9224 | D:9      | Found a transporter.
  9347 | D:9      | Found a glowing golden altar of the Shining One.
  9503 | D:9      | HP: 3/103 [enormous slime creature (46)]
  9504 | D:9      | Annihilated by an enormous slime creature

Vault maps used:
D:1:      dpeg_arrival_caged_fury
D:2:      minmay_misc_feat_tiny
D:3:      kennysheep_jessica_study, uniq_crazy_yiuf_cottage, uniq_robin
D:4:      grunt_temple_overflow_bloody_war, gup_sewer_entry_bowl,
          kennysheep_cross_bottleneck, uniq_menkaure, uniq_grinder, uniq_pikel
D:5:      lemuel_doored_altar, first_ration, nicolae_ru_awakened_eye
D:6:      cheibrodos_quashed, hangedman_abyss_or_decor_stagger, minivault_25,
          dk_rats_in_the_wall
D:7:      minmay_temple_entry_gardened_gates, uniq_harold
D:8:      grunt_temple_overflow_magic_moments, elyvilon_altar_1, serial_shops,
          kennysheep_mini_moat, nicolae_shop_competitors_out_of_business,
          hangedman_little_slice_of_home
D:9:      gammafunk_jiyva_shrine, tso_altar, slow_altar_2,
          kennysheep_flooded_box
Sewer:    sewer_minmay_w

Skill      XL: |  1  2  3  4  5  6  7  8  9 10 |
---------------+-------------------------------+-----
Axes           | 3 4 5 6 8 10 12 13 | 13.4
Fighting       | 4 5 6 7 9 10 | 10.3
Armour         | 4 5 6 7 9 10 | 10.4
Shields        | |  3.6

Action                   |  1- 3 |  4- 6 |  7- 9 | 10-12 || total
-------------------------+-------+-------+-------+-------++-------
Melee: War axe           |    90 |   140 |   314 |   147 ||   691
       Headbutt          |    12 |    18 |    61 |    32 ||   123
Invok: Heroism           |       |       |       |     1 ||     1
Evoke: Wand              |       |       |     1 |       ||     1
  Use: Scroll            |       |     1 |    13 |     3 ||    17
       Potion            |       |       |     1 |     1 ||     2
  Eat: Chunk             |     1 |     7 |    13 |     4 ||    25
       Ration            |       |       |       |     1 ||     1
Armor: Scale mail        |    46 |    74 |   120 |    59 ||   299
       Plate armour      |       |       |   107 |       ||   107
Dodge: Dodged            |    49 |    70 |   178 |    48 ||   345
Block: Other             |       |       |    11 |    24 ||    35

Table legend:
 A = Non-vault XP
 B = Vault XP
 C = Vault XP percentage of total XP
 D = Non-vault monster count
 E = Vault monster count
 F = Vault count percentage of total count
                 A         B        C        D         E       F
            +---------+---------+-------+---------+---------+-------
      Total |    6102 |    3123 |  33.9 |     178 |     103 |  36.7
            +---------+---------+-------+---------+---------+-------
        D:1 |      29 |      59 |  67.0 |      17 |      18 |  51.4
        D:2 |      60 |       0 |   0.0 |      18 |       0 |   0.0
        D:3 |     204 |     114 |  35.8 |      29 |      15 |  34.1
        D:4 |     220 |    1056 |  82.8 |      10 |       8 |  44.4
        D:5 |     768 |       0 |   0.0 |      25 |       0 |   0.0
        D:6 |     678 |     184 |  21.3 |      24 |       4 |  14.3
        D:7 |    1088 |    1007 |  48.1 |      18 |       1 |   5.3
        D:8 |    2404 |     158 |   6.2 |      27 |       8 |  22.9
        D:9 |     651 |     247 |  27.5 |      10 |       1 |   9.1
      Sewer |       0 |     298 | 100.0 |       0 |      48 | 100.0
            +---------+---------+-------+---------+---------+-------
